 Dungeon Crawl Stone Soup version 0.32-a0-975-g85d4e5bfdb (webtiles) character file.

Game seed: 17657821469158958082

242 PriceMaster the Grave Robber (level 5, -2/35 HPs)
             Began as a Demonspawn Necromancer on Apr 19, 2024.
             Was a Believer of Beogh.
             Slain by a gnoll
             ... wielding a +0 spear
              (8 damage)
             ... on level 5 of the Dungeon.
             The game lasted 00:05:43 (4132 turns).

PriceMaster the Grave Robber (DsNe)                 Turns: 4132, Time: 00:05:44

Health: -2/35      AC:  4    Str:  8    XL:     5   Next: 81%
Magic:  1/10       EV: 11    Int: 18    God:    Beogh [**....]
Gold:   178        SH:  0    Dex: 13    Spells: 3/11 levels left

rFire   . . .        i - +2 rapier (venom)
rCold   . . .        (no shield)
rNeg    . . .        a - +0 robe
rPois   .            n - +0 helmet
rElec   .            k - +0 cloak
rCorr   .            (no gloves)
SInv    .            (no boots)
Will    .....        (no amulet)
Stlth   ++           (no ring)
HPRegen 0.25/turn    (no ring)
MPRegen 0.12/turn

%: no passive effects
@: hasted, very quick
A: powered by death 1, sturdy frame 2
a: Renounce Religion, Smiting


You were on level 5 of the Dungeon.
You worshipped Beogh.
Beogh was pleased with you.
You visited 1 branch of the dungeon, and saw 5 of its levels.

You collected 178 gold pieces.

Inventory:

Hand Weapons
 h - a +0 dagger
 i - a +2 rapier of venom (weapon)
Armour
 a - a +0 robe (worn)
 k - a +0 cloak (worn)
 n - a +0 helmet (worn)
Jewellery
 j - a ring of protection from cold
 p - a ring of willpower
Wands
 q - a wand of paralysis (7)
Scrolls
 c - a scroll of immolation {unknown}
 d - a scroll of amnesia {unknown}
 f - a scroll of revelation {unknown}
 g - 2 scrolls of vulnerability {unknown}
 l - 2 scrolls of identify {unknown}
 m - a scroll of teleportation
Potions
 b - a potion of magic
 e - 2 potions of brilliance
 o - 2 potions of enlightenment {unknown}


   Skills:
 + Level 0.3 Fighting
 + Level 0.4 Short Blades
 + Level 2.3 Dodging
 + Level 2.3 Stealth
 + Level 3.7 Spellcasting
 + Level 6.1 Necromancy


You had 3 spell levels left.
You knew the following spells:

 Your Spells              Type           Power      Damage    Failure   Level
a - Necrotise             Necr           100%       1d9       1%          1
b - Vampiric Draining     Necr           25%        2d7       3%          3
c - Animate Dead          Necr           25%        N/A       12%         4

Your spell library contained the following spells:

 Spells                   Type           Power      Damage    Failure   Level
 Ensorcelled Hibernation  Hex/Ice        6%         N/A       22%         2
 Passwall                 Erth           3%         N/A       41%         3
 Swiftness                Air            3%         N/A       41%         3
 Tukima's Dance           Hex            3%         N/A       41%         3
 Curse of Agony           Necr           25%        N/A       34%         5
 Dimensional Bullseye     Hex/Tloc       1%         N/A       83%         4
 Iskenderun's Mystic Bla Conj/Tloc 3%             2d3        (+2d1     83%         4


Dungeon Overview and Level Annotations

Branches:
Dungeon (5/15)
 Temple: D:4-7

Altars:
Fedhas
Wu Jian
Xom
Beogh

Shops:
D:2 [([   D:4 (


Innate Abilities, Weirdness & Mutations

Your facial features look somewhat orcish.
You regenerate a little health from kills.
Your movements are less encumbered by armour. (ER -4)


Message History

Aim: a gnoll, wielding a +0 spear (chance to affect: 88%)
The gnoll barely resists.
Casting: Necrotise (safe; 1% risk of failure)
Confirm with . or Enter, or press ? or * to list all spells.
Aiming: Necrotise (safe; 1% risk of failure)
Press: ? - help, Shift-Dir - straight line, f/p - gnoll
Aim: a gnoll, wielding a +0 spear (chance to affect: 88%)
The gnoll writhes in agony!
The gnoll hits you from afar with a +0 spear.
Unknown command.
There is a stone staircase leading up here.
The gnoll attacks as it pursues you! The gnoll closely misses you.
The gnoll attacks as it pursues you! The gnoll hits you with a +0 whip.
* * * LOW HITPOINT WARNING * * *
Casting: Necrotise (safe; 1% risk of failure)
Confirm with . or Enter, or press ? or * to list all spells.
Aiming: Vampiric Draining (dangerous; 3% risk of failure)
Press: ? - help, Shift-Dir - straight line, f - gnoll, p - gnoll
Aim: a gnoll, wielding a +0 whip You draw life force from the gnoll!
You feel life coursing into your body. The gnoll hits you with a +0 whip.
Unknown command.
You barely miss the gnoll.
The gnoll is severely wounded.
The gnoll completely misses you. The gnoll closely misses you.
Your reaping aura is weakening.
The gnoll attacks as it pursues you! The gnoll completely misses you.
Found a worn gold wand.
The gnoll attacks as it pursues you! The gnoll hits you with a +0 whip.
* * * LOW HITPOINT WARNING * * *
Found a ring mail.
The gnoll attacks as it pursues you! The gnoll hits you with a +0 whip.
* * * LOW HITPOINT WARNING * * *
You feel yourself speed up. The gnoll hits you with a +0 whip.
* * * LOW HITPOINT WARNING * * *
Your reaping aura expires.
The gnoll attacks as it pursues you!
The gnoll hits you from afar with a +0 spear!
You die...

##### #...# #.#.# #.#.#
################.#.#####
...[...@.g.g......<..>..
#######..g..####.###...#
#.....# ##.###...#
#.....# #....g....
#..../# #......).#
####### #.........
######..## #....
#####....


You could see 3 gnolls.

Vanquished Creatures
  A phantom (D:4)
  An iguana (D:5)
  Jessica (D:2)
  A gnoll (D:5)
  3 adders
  3 dart slugs
  2 ribbon worms (D:4)
  An orc (D:3)
  7 endoplasms
  3 giant cockroaches
  6 hobgoblins
  3 quokkas
  7 ball pythons
  6 bats
  6 frilled lizards
  9 goblins
  3 kobolds
  5 rats
68 creatures vanquished.

Vanquished Creatures (collateral kills)
  A goblin (D:3)
  A bat (D:3)
2 creatures vanquished.

Vanquished Creatures (others)
  A gnoll zombie (D:5)
  A ball python zombie (D:4)
2 creatures vanquished.

Grand Total: 72 creatures vanquished

Notes
Turn   | Place    | Note
-------+----------+-------------------------------------------
     0 | D:1      | PriceMaster the Demonspawn Necromancer began the quest for
                  | the Orb.
     0 | D:1      | Reached XP level 1. HP: 13/13 MP: 3/3
   430 | D:1      | Gained mutation: Your movements are slightly less
                  | encumbered by armour. (ER -2) [demonic ancestry]
   430 | D:1      | Reached XP level 2. HP: 19/19 MP: 3/5
  1537 | D:2      | Found Woplu's Weapon Shoppe.
  1563 | D:2      | Found Fudaxy's Armour Shop.
  1587 | D:2      | Reached XP level 3. HP: 24/24 MP: 3/6
  1591 | D:2      | Learned a level 3 spell: Vampiric Draining
  1764 | D:2      | Found Simoxo's Armour Emporium.
  1845 | D:2      | Noticed Jessica
  1849 | D:2      | Killed Jessica
  1850 | D:2      | Reached skill level 5 in Necromancy
  2199 | D:2      | Gained mutation: You regenerate a little health from kills.
                  | [demonic ancestry]
  2199 | D:2      | Reached XP level 4. HP: 30/30 MP: 5/8
  2302 | D:2      | Found Pezoedev's Assorted Antiques.
  2440 | D:2      | Found a faded altar of an unknown god.
  2651 | D:2      | Prayed at the altar of an unknown god.
  2651 | D:2      | Became a worshipper of Beogh the Shepherd
  2651 | D:2      | Reached * piety under Beogh
  2727 | D:3      | Learned a level 4 spell: Animate Dead
  2732 | D:3      | Found an ornate altar of the Wu Jian Council.
  2838 | D:3      | Found a shimmering altar of Xom.
  3039 | D:3      | You fall into a shaft and drop 1 floor!
  3069 | D:4      | Found Leosuypatu's Antique Weapon Boutique.
  3074 | D:4      | Noticed a phantom
  3269 | D:3      | Found a blossoming altar of Fedhas.
  3450 | D:4      | Killed a phantom
  3450 | D:4      | Reached ** piety under Beogh
  3451 | D:4      | Gained mutation: Your movements are less encumbered by
                  | armour. (ER -4) [demonic ancestry]
  3451 | D:4      | Reached XP level 5. HP: 8/35 MP: 2/10
  3791 | D:4      | Reached skill level 6 in Necromancy
  4000 | D:5      | Entered Level 5 of the Dungeon
  4132 | D:5      | Slain by a gnoll

Illustrated notes

Levels and vault maps discovered:
D:1:      lightli_iron_boxes, layout_basic, chequers_mini_garden
D:2:      layout_loops_ring, serial_aquarium, aquarium_bridge_square
          [aquarium_subvault_window, aquarium_subvault_bridge,
          aquarium_subvault_bridge, aquarium_subvault_wall],
          aquarium_window_fake, aquarium_window_fake, aquarium_window_fake,
          aquarium_window_fake, aquarium_view_2c, serial_shops,
          nicolae_shop_hallway_stairs, nicolae_shop_waterfront, shop,
          nicolae_diamond_shop, nicolae_ecumenical_lake_church, uniq_jessica
D:3:      layout_rooms, nzn_wu_jian_council_hall,
          nicolae_overflow_hidden_temple, corexii_shack, nrook_loot_triangle,
          minmay_statues_item, minmay_misc_feat_room
D:4:      layout_rooms, nicolae_take_the_stairs
D:5:      layout_basic, serial_shops, shop, uniq_eustachio

Skill      XL: |  1  2  3  4  5 |
---------------+----------------+-----
Stealth        | 2 |  2.3
Dodging        | 2 |  2.3
Necromancy     | 5 6 |  6.1
Spellcasting   | 3 |  3.7
Fighting       | |  0.3
Short Blades   | |  0.4

Action                     |  1- 3 |  4- 6 || total
---------------------------+-------+-------++-------
  Melee: Unarmed           |    11 |       ||    11
         Dagger            |       |    28 ||    28
         Rapier            |       |    17 ||    17
   Cast: Necrotise         |    63 |    47 ||   110
         Animate Dead      |       |     5 ||     5
         Vampiric Draining |       |     2 ||     2
    Use: Scroll            |     2 |       ||     2
         Potion            |       |     8 ||     8
   Stab: Sleeping          |       |     1 ||     1
 Armour: Robe              |    19 |    67 ||    86
  Dodge: Dodged            |    21 |    57 ||    78

Table legend: (Time is in decaauts)
 A = Elapsed time spent in this place.
 B = Non-inter-level travel time spent in this place.
 C = Inter-level travel time spent in this place.
 D = Time resting spent in this place.
 E = Time spent auto-exploring this place.
 F = Levels seen in this place.
 G = Mean time per level.
                   A        B        C        D        E       F      G
               +--------+--------+--------+--------+--------+-----+--------+
         Total |   4127 |   4015 |    112 |    125 |   3293 |   5 |  825.4 |
       Dungeon |   4127 |   4015 |    112 |    125 |   3293 |   5 |  825.4 |
               +--------+--------+--------+--------+--------+-----+--------+

Top non-repeatable levels by time:
     D:1: 1537 daAuts
     D:2: 1128 daAuts
     D:3: 673 daAuts
     D:4: 656 daAuts
     D:5: 132 daAuts
